 Dungeon Crawl Stone Soup version 0.27-a0-76-ga51d4ba9de (webtiles) character file.

Game seed: 3236478528607471947

20 Antasik the Firebug (level 3, -9/24 HPs)
             Began as a Human Fire Elementalist on Jan 13, 2021.
             Engulfed by a cloud of flame (25 damage)
             ... on level 1 of the Dungeon.
             The game lasted 00:12:10 (1172 turns).

Antasik the Firebug (Human Fire Elementalist)       Turns: 1172, Time: 00:12:10

Health: -9/24      AC:  3    Str:  8    XL:     3   Next: 0%
Magic:  0/6        EV: 12    Int: 16    God:
Gold:   56         SH:  0    Dex: 13    Spells: 2/6 levels left

rFire    . . .     SeeInvis .   d - +0 dagger
rCold    . . .     Faith    .   (no shield)
rNeg     . . .     Spirit   .   f - +0 leather armour
rPois    .         Reflect  .   (no helmet)
rElec    .         Harm     .   (no cloak)
rCorr    .         Rampage  .   (no gloves)
Will     .....                  (no boots)
Stlth    ++........             (no amulet)
HPRegen  0.08/turn              (no ring)
MPRegen  0.10/turn              (no ring)

@: no status effects
A: no striking features
a: no special abilities


You were on level 1 of the Dungeon.
You visited 1 branch of the dungeon, and saw 1 of its levels.

You collected 56 gold pieces.

Inventory:

Hand Weapons
 c - a +0 club
 d - a +0 dagger (weapon)
Missiles
 b - 8 javelins (quivered)
Armour
 a - a +0 robe
 f - a +0 leather armour (worn)
Potions
 e - a potion of curing


   Skills:
 + Level 0.1 Armour
 + Level 2.0 Dodging
 + Level 2.1 Stealth
 + Level 2.4 Spellcasting
 + Level 1.0 Conjurations
 + Level 3.4 Fire Magic


You had 2 spell levels left.
You knew the following spells:

 Your Spells              Type           Power        Failure   Level
a - Foxfire               Conj/Fire      36%          12%         1
b - Conjure Flame         Conj/Fire      9%           34%         3

Your spell library contained the following spells:

 Spells                   Type           Power        Failure   Level
 Inner Flame              Hex/Fire       7%           38%         3
 Sticky Flame             Conj/Fire      9%           75%         4
 Fireball                 Conj/Fire      4%           97%         5


Dungeon Overview and Level Annotations

Branches:
Dungeon (1/15)

Altars:


Message History

Confirm with . or Enter, or press ? or * to list all spells.
The spell is extremely dangerous to cast (34% risk of failure)!
Continue anyway?
Uppercase [Y]es or [N]o only, please.
The spell is extremely dangerous to cast (34% risk of failure)!
Continue anyway?
The fire begins to smolder!
The jackal barks! x2
The bat hits you but does no damage. The kobold misses you.
Casting: Conjure Flame (extremely dangerous; 34% risk of failure)
Confirm with . or Enter, or press ? or * to list all spells.
The spell is extremely dangerous to cast (34% risk of failure)!
Continue anyway?
The fire ignites!
You are engulfed in blazing flames.
Ouch! That really hurt!
* * * LOW HITPOINT WARNING * * *
The bat hits you.
* * * LOW HITPOINT WARNING * * *
A jackal comes into view.
The kobold barely misses you.
The jackal moves out of view.
You feel better.
You are engulfed in blazing flames.
Ouch! That really hurt!
You die...

##############
#.............
#.###########. #### #.#
#. ... #.# #.
#.####.####### #.
##.K..........#####.
#.g@###.####........
.hh...b.###.####..####..
.####...#.....##..####..
##.##.....#.........
#.#..........####..
#.#......##..####..
#....†.............
###.#.######†######
#.#.# #.......


You could see 2 jackals, a goblin, a bat and a kobold.

Vanquished Creatures
  A dart slug (D:1)
  2 giant cockroaches (D:1)
  3 goblins (D:1)
  3 hobgoblins (D:1)
  A ball python (D:1)
  3 bats (D:1)
  2 frilled lizards (D:1)
  2 rats (D:1)
17 creatures vanquished.

Vanquished Creatures (others)
  30 foxfires (D:1)
30 creatures vanquished.

Grand Total: 47 creatures vanquished

Notes
Turn   | Place    | Note
-------+----------+-------------------------------------------
     0 | D:1      | Antasik the Human Fire Elementalist began the quest for the
                  | Orb.
     0 | D:1      | Reached XP level 1. HP: 13/13 MP: 3/3
   290 | D:1      | Reached XP level 2. HP: 19/19 MP: 1/5
  1001 | D:1      | Reached XP level 3. HP: 24/24 MP: 4/6
  1025 | D:1      | Learned a level 3 spell: Conjure Flame
  1172 | D:1      | Engulfed by a cloud of flame

Illustrated notes

Levels and vault maps discovered:
D:1:      dpeg_arrival_pits, layout_loops_ring, amcnicky_mini_corridor_feature,
          minmay_statues_item, minivault_4

Action                   || total
-------------------------++-------
Melee: Club              ||     7
       Dagger            ||    26
 Cast: Foxfire           ||    28
       Conjure Flame     ||     2
  Use: Scroll            ||     2
       Potion            ||     2
Armor: Robe              ||    10
       Leather armour    ||     4
Dodge: Dodged            ||    34

Table legend: (Time is in decaauts)
 A = Elapsed time spent in this place.
 B = Non-inter-level travel time spent in this place.
 C = Inter-level travel time spent in this place.
 D = Time resting spent in this place.
 E = Time spent auto-exploring this place.
 F = Levels seen in this place.
 G = Mean time per level.
                   A        B        C        D        E       F      G
               +--------+--------+--------+--------+--------+-----+--------+
         Total |   1173 |   1171 |      2 |    575 |    311 |   1 | 1173.0 |
       Dungeon |   1173 |   1171 |      2 |    575 |    311 |   1 | 1173.0 |
               +--------+--------+--------+--------+--------+-----+--------+

Top non-repeatable levels by time:
     D:1: 1173 daAuts
